 Dungeon Crawl Stone Soup version 0.30-a0-743-gbfdf073431 (webtiles) character file.

Game seed: 8536437403523981906

156 Grognak the Shield-Bearer (level 5, -2/46 HPs)
             Began as a Minotaur Fighter on Feb 7, 2023.
             Slain by an orc
             ... wielding a +0 mace
              (4 damage)
             ... on level 3 of the Dungeon.
             The game lasted 00:04:52 (1886 turns).

Grognak the Shield-Bearer (Minotaur Fighter)        Turns: 1886, Time: 00:04:52

Health: -2/46      AC: 13    Str: 23      XL:     5   Next: 14%
Magic:  4/4        EV:  6    Int:  5      God:
Gold:   119        SH:  0    Dex:  8 (9)  Spells: 4/4 levels left

rFire   . . .      SeeInvis .    a - +0 flail
rCold   . . .      Faith    .    c - +0 buckler
rNeg    . . .      Spirit   .    k - +0 plate armour
rPois   .          Reflect  .    (helmet restricted)
rElec   .          Harm     .    g - +0 cloak
rCorr   .          Rampage  .    (no gloves)
Will    .....                    (no boots) Stlth
                                 (no amulet)
HPRegen 0.27/turn                (no ring)
MPRegen 0.09/turn                (no ring)

@: confused, attractive
A: horns 2, retaliatory headbutt, deterioration 1
a: no special abilities


You were on level 3 of the Dungeon.
You visited 1 branch of the dungeon, and saw 3 of its levels.

You collected 119 gold pieces.

Inventory:

Hand Weapons
 a - a +0 flail (weapon)
Armour
 c - a +0 buckler (worn)
 g - a +0 cloak (worn)
 k - a +0 plate armour (worn)
Jewellery
 f - a ring of willpower
Scrolls
 d - 2 scrolls of immolation
 e - a scroll of fog
 h - a scroll of torment {unknown}


   Skills:
 + Level 4.1 Fighting
 + Level 4.2 Maces & Flails
 + Level 4.6 Armour
 + Level 0.5 Dodging
 + Level 0.1 Stealth
 + Level 4.8 Shields


You had 4 spell levels left.
You didn't know any spells.
Your spell library contained the following spells:

 Spells                   Type           Power      Damage    Failure   Level
 Hailstorm                Conj/Ice       0%         3d3       100%        3
 Portal Projectile        Hex/Tloc       0%         N/A       100%        3
 Tukima's Dance           Hex            0%         N/A       100%        3
 Ice Form                 Ice/Tmut       0%         N/A       100%        4
 Blade Hands              Tmut           0%         N/A       100%        5
 Simulacrum               Ice/Necr       0%         N/A       100%        6


Dungeon Overview and Level Annotations

Branches:
Dungeon (3/15)

Altars:
Gozag


Innate Abilities, Weirdness & Mutations

You have a pair of horns on your head.
You reflexively headbutt those who attack you in melee.
Your body sometimes deteriorates upon taking damage.


Message History

Your body deteriorates!
You feel clumsy. The orc wizard casts a spell at you.
You are more confused.
You hear some strange, mumbled words.
A magic dart appears from out of thin air!
The magic dart hits you but does no damage.
The orc barely misses you.
You're too confused to move!
The orc wizard hits you but does no damage.
The orc attacks as you move away! The orc hits you with a +0 hand axe.
* * * LOW HITPOINT WARNING * * *
Something hits you but does no damage.
The orc wizard casts a spell.
The orc wizard flickers and vanishes!
You miss something. Your headbutt misses something.
You hear some strange, mumbled words.
Something hits you but does no damage.
You closely miss something.
An orc wizard appears from thin air!
Reactivating autopickup.
The orc wizard hits you but does no damage.
You hear some strange, mumbled words.
A puff of flame appears from out of thin air!
Deactivating autopickup; reactivate with Ctrl-A.
The puff of flame hits you!
* * * LOW HITPOINT WARNING * * *
The orc wizard hits you with a +0 dagger.
* * * LOW HITPOINT WARNING * * *
It was a potion of attraction.
You feel attractive to monsters. The orc hits you but does no damage.
The orc barely misses you. Something hits you but does no damage.
The orc wizard hits you but does no damage.
The orc attacks as you move away! The orc hits you but does no damage.
The orc barely misses you. The orc hits you but does no damage.
You miss the orc.
The orc is moderately wounded.
The orc hits you but does no damage. x2
The orc attacks as you move away! The orc hits you with a +0 mace.
You die...

#.######....##.#####.#......
#.#......#..##.#####........
#.#...#..#..#..#.......>....
#.#.#..........#............
#.#.#..........#..........##
#.#.#.#..#.....#........#.##
#...#+#..###...#........#.#
###............#....<.รท.#.#
#........@...#........#.##
#.......ooo..#####...#....
#............# ##.##..##
#.)..........# #.....##
#............# ####.###
##.....###)..# #.... #.....#
##)## ##### #########..##
#......# ##


You could see an orc wizard and 2 orcs.

Vanquished Creatures
  Crazy Yiuf (D:2)
  An orc priest (D:3)
  Robin (D:2)
  An adder (D:2)
  A dart slug (D:1)
  3 orcs (D:3)
  4 bats
  2 endoplasms (D:2)
  5 giant cockroaches
  16 goblins
  12 hobgoblins
  7 kobolds
  5 ball pythons
  7 rats
66 creatures vanquished.

Vanquished Creatures (others)
  10 plants (D:3)
10 creatures vanquished.

Grand Total: 76 creatures vanquished

Notes
Turn   | Place    | Note
-------+----------+-------------------------------------------
     0 | D:1      | Grognak the Minotaur Fighter began the quest for the Orb.
     0 | D:1      | Reached XP level 1. HP: 19/19 MP: 0/0
   140 | D:1      | Reached XP level 2. HP: 27/27 MP: 1/1
   353 | D:1      | Reached XP level 3. HP: 33/33 MP: 2/2
   880 | D:2      | Noticed Robin
   893 | D:2      | Killed Robin
   962 | D:2      | Reached XP level 4. HP: 40/40 MP: 3/3
  1192 | D:2      | Found a runed translucent door.
  1193 | D:2      | Noticed Crazy Yiuf
  1200 | D:2      | Killed Crazy Yiuf
  1390 | D:2      | Found an opulent altar of Gozag.
  1842 | D:3      | Gained mutation: Your body sometimes deteriorates upon
                  | taking damage. [potion of mutation]
  1858 | D:3      | Reached XP level 5. HP: 8/46 MP: 4/4
  1881 | D:3      | HP: 2/46 [something/puff of flame (10)]
  1886 | D:3      | Slain by an orc

Illustrated notes

Levels and vault maps discovered:
D:1:      onia_arrival_mini_maze, layout_basic, hangedman_decor_clover_reticule
D:2:      layout_loops_ring, basic_altar, uniq_crazy_yiuf_cottage, uniq_robin
D:3:      wad_lake_hut, layout_basic

Skill      XL: |  1  2  3  4 |
---------------+-------------+-----
Armour         | 4 |  4.6
Fighting       | 4 |  4.1
Shields        | 4 |  4.8
Maces & Flails | 3 4 |  4.2
Dodging        | |  0.5
Stealth        | |  0.1

Action                     |  1- 3 |  4- 6 || total
---------------------------+-------+-------++-------
  Melee: Flail             |    84 |    58 ||   142
         Headbutt          |    10 |     7 ||    17
    Use: Potion            |     1 |     8 ||     9
         Scroll            |       |     5 ||     5
 Armour: Scale mail        |    16 |       ||    16
         Plate armour      |    26 |    86 ||   112
  Dodge: Dodged            |    42 |    26 ||    68
  Block: Buckler           |    14 |    12 ||    26

Table legend: (Time is in decaauts)
 A = Elapsed time spent in this place.
 B = Non-inter-level travel time spent in this place.
 C = Inter-level travel time spent in this place.
 D = Time resting spent in this place.
 E = Time spent auto-exploring this place.
 F = Levels seen in this place.
 G = Mean time per level.
                   A        B        C        D        E       F      G
               +--------+--------+--------+--------+--------+-----+--------+
         Total |   1924 |   1916 |      8 |      8 |   1411 |   3 |  641.3 |
       Dungeon |   1924 |   1916 |      8 |      8 |   1411 |   3 |  641.3 |
               +--------+--------+--------+--------+--------+-----+--------+

Top non-repeatable levels by time:
     D:2: 737 daAuts
     D:1: 699 daAuts
     D:3: 487 daAuts
